 Dungeon Crawl Stone Soup version 0.20-a0-738-gb057e68 (webtiles) character file.

134 polly the Bolt Thrower (level 4, -1/23 HPs)
             Began as a Spriggan Hunter on Feb 24, 2017.
             Killed from afar by Sigmund (9 damage)
             ... with a puff of flame
             ... on level 3 of the Dungeon.
             The game lasted 00:02:57 (1320 turns).

polly the Bolt Thrower (Spriggan Hunter)            Turns: 1320, Time: 00:02:57

Health: -1/23      AC:  2    Str:  8    XL:     4   Next: 95%
Magic:  5/5        EV: 18    Int: 12    God:
Gold:   68         SH:  2    Dex: 17    Spells: 3/3 levels left

rFire    . . .     SeeInvis +   a - +1 hand crossbow
rCold    . . .     Gourm    .   c - +0 robe
rNeg     . . .     Faith    .   (shield restricted)
rPois    .         Spirit   .   (helmet restricted)
rElec    .         Reflect  +   (no cloak)
rCorr    .         Harm     .   (gloves unavailable)
MR       .....                  (boots unavailable)
Stlth    ++........             o - +2 amulet of reflection
Regen    0.1/turn               (no ring)
MPRegen  0.1/turn               (no ring)

@: very quick
A: unfitting armour, see invisible, herbivore 3, speed 3, slow metabolism 2
a: no special abilities


You were on level 3 of the Dungeon.
You were not hungry.

You visited 1 branch of the dungeon, and saw 3 of its levels.

You collected 68 gold pieces.

Inventory:

Hand Weapons
 a - a +1 hand crossbow (weapon)
 b - a +0 short sword
Missiles
 d - 2 bolts (quivered)
Armour
 c - a +0 robe (worn)
Jewellery
 o - a +2 amulet of reflection (around neck)
Scrolls
 e - a scroll of enchant armour {unknown}
 i - a scroll of identify {unknown}
 k - 2 scrolls of teleportation {unknown}
 n - a scroll of amnesia {unknown}
Potions
 g - a potion of brilliance {unknown}
 h - a potion of berserk rage {unknown}
 j - a potion of experience {unknown}
 l - a potion of magic {unknown}
 m - a potion of flight {unknown}
 p - a potion of mutation {unknown}
Comestibles
 f - 2 bread rations


   Skills:
 + Level 2.2 Fighting
 + Level 5.9 Crossbows
 + Level 3.2 Dodging
 + Level 1.5 Stealth


You had 3 spell levels left.
You didn't know any spells.

Dungeon Overview and Level Annotations

Branches:
Dungeon (3/15)

Altars:
The Shining One

Annotations:
D:3 Sigmund


Innate Abilities, Weirdness & Mutations

You are very small and have problems with some larger weapons.
You are too small for most types of armour.
You have supernaturally acute eyesight. (SInv)
You are a herbivore.
You cover ground extremely quickly.
You need consume almost no food.


Message History

Unknown command.
You are too injured to fight recklessly!
Firing (i - inventory):
d - 5 bolts (quivered)
Press: ? - help, Shift-Dir - straight line, f/p - Sigmund
Aim: Sigmund, wielding a scythe and wearing a robe (moderately wounded, slightly transparent)
You shoot a bolt. The bolt hits Sigmund.
Sigmund is heavily wounded.
You block the leopard gecko's attack.
Firing (i - inventory):
d - 4 bolts (quivered)
Press: ? - help, Shift-Dir - straight line, f/p - Sigmund
Aim: Sigmund, wielding a scythe and wearing a robe (heavily wounded, slightly transparent)
You shoot a bolt. The bolt barely misses Sigmund.
The leopard gecko misses you. x2
A bat comes into view.
Firing (i - inventory):
d - 3 bolts (quivered)
Press: ? - help, Shift-Dir - straight line, f/p - Sigmund
Aim: Sigmund, wielding a scythe and wearing a robe (heavily wounded, slightly transparent)
You shoot a bolt. The bolt closely misses Sigmund.
The leopard gecko bites you. Sigmund gestures at you while chanting.
The puff of flame hits you!
You die...

...... ..... .. ....
...# ... (.b .....
.... .. .###.
....### .# #.
#.....#l## #.
#.$.@..##### #.
###.....b..# ##
##.#...... #
#@#####.. # #.# .
#.# ##### #(## # ##
#...#####(.##.## .#
##....†........##.##


You could see Sigmund (invisible), a leopard gecko and 2 bats.

Vanquished Creatures
  A howler monkey (D:3)
  A gnoll (D:1)
  4 adders
  An ooze (D:2)
  A worm (D:3)
  2 dart slugs (D:1)
  A leopard gecko (D:3)
  An orc (D:3)
  7 bats
  4 giant cockroaches
  2 hobgoblins (D:2)
  4 kobolds
  2 ball pythons (D:1)
  5 frilled lizards
  7 goblins
  3 rats
46 creatures vanquished.

Notes
Turn   | Place    | Note
-------+----------+-------------------------------------------
     0 | D:1      | polly the Spriggan Hunter began the quest for the Orb.
     0 | D:1      | Reached XP level 1. HP: 10/10 MP: 2/2
    46 | D:1      | Reached XP level 2. HP: 14/14 MP: 3/3
   424 | D:1      | Reached XP level 3. HP: 18/18 MP: 4/4
   539 | D:2      | Reached skill level 5 in Crossbows
   828 | D:2      | Reached XP level 4. HP: 23/23 MP: 5/5
   931 | D:3      | Noticed Sigmund
  1259 | D:3      | Found a glowing golden altar of the Shining One.
  1320 | D:3      | Killed from afar by Sigmund

Vault maps used:
D:1:      zaba_arrival_water
D:2:      st_stairs_3
D:3:      lemuel_round_altar, old_standard_altar, eino_tiny_chamber,
          nemelex_lonely_heart_becter, uniq_sigmund

Skill      XL: |  1  2  3  4 |
---------------+-------------+-----
Crossbows      | 5 |  5.9
Fighting       | 2 |  2.2
Dodging        | |  3.2
Stealth        | |  1.5

Action                   |  1- 3 |  4- 6 || total
-------------------------+-------+-------++-------
 Fire: Hand crossbow     |    76 |    39 ||   115
Armor: Robe              |       |     1 ||     1
Dodge: Dodged            |    13 |     8 ||    21
Block: Other             |       |     2 ||     2
